cohdb
Replays
Latest Replays
All Replays
Popular Replays
Top Player Replays
Match Explorer
How It Works
Community
CoH3 Stats
Reddit
Sign in to upload your games and track your stats! →
Sign in with Steam
Match 40685816
Unlisted
Match 40685816
Overview
Messages
Build Orders
End
Construct Section Command Post
Infantry Section
Dingo Light Scout Car
Infantry Section
Infantry Section
Construct Platoon Command Post
Humber Armored Car
CMP 15cwt Truck
Selects Heavy Armor Battlegroup
Selects Rigorous Vehicle Training
Selects Forward Repair Assembly
Humber Armored Car
Light Vehicle Training
Infantry Section
6-pounder Anti-tank Gun Team
Infantry Training
Grenade Package
6-pounder Anti-tank Gun Team
Team Weapon Training
Construct Company Command Post
Infantry Section
Vickers Machine Gun Team
Selects Churchill Black Prince Heavy Tank
Churchill Black Prince Heavy Tank
Unlock Bishop Self-propelled Artillery
Royal Engineer Section
Armored Vehicle Training
Construct Field Infirmary
bigrat
Vlady the Impaler
Agua de Jamaica
jessyjames
BES2
BigGunBand
0
0
Comments
sign in to comment!
No comments posted yet!